 Dungeon Crawl Stone Soup version 0.20-a0-396-gbf3f530 (webtiles) character file.

1004 Kriby the Magician (level 8, 0/62 HPs)
             Began as a Mummy Fighter on Dec 31, 2016.
             Was a Follower of Sif Muna.
             Slain by an ogre
             ... wielding a +0 giant club
              (21 damage)
             ... on level 5 of the Dungeon.
             The game lasted 00:08:11 (5035 turns).

Kriby the Magician (Mummy Fighter)                  Turns: 5035, Time: 00:08:12

Health: 0/62       AC:  9    Str: 20    XL:     8   Next: 0%
Magic:  16/16      EV:  8    Int:  9    God:    Sif Muna [*.....]
Gold:   268        SH:  9    Dex: 11    Spells: 18/18 levels left

rFire  . . .     SeeInvis .     a - +0 rapier
rCold  + . .     Gourm    .     r - +2 ring mail {rF+}
rNeg   + + +     Faith    .     c - +0 shield
rPois  ∞         Spirit   .     (no helmet)
rElec  .         Reflect  .     m - -1 cloak (curse)
rCorr  .         Harm     .     o - +0 pair of gloves
MR     +....                    (no boots)
Stlth  +.........               (no amulet)
                                (no ring)
                                (no ring)

@: no status effects
A: no food or potions, fire vulnerability, cold resistance 1, negative energy
resistance 3, torment resistance, unbreathing
a: Divine Energy, Renounce Religion


You were on level 5 of the Dungeon.
You worshipped Sif Muna.
Sif Muna was aware of your devotion.
You were not hungry.

You visited 1 branch of the dungeon, and saw 5 of its levels.

You collected 268 gold pieces.

Inventory:

Hand Weapons
 a - a +0 rapier (weapon)
Armour
 c - a +0 shield (worn)
 m - a cursed -1 cloak (worn)
 o - a +0 pair of gloves (worn)
 r - a +2 ring mail of fire resistance (worn)
Magical Staves
 q - an uncursed staff of wizardry
Wands
 n - a wand of slowing (32/48)
 p - a wand of lightning (7/15)
 t - a wand of flame (34/48)
Scrolls
 b - a scroll of immolation {unknown}
 d - 2 scrolls of identify
 e - 2 scrolls of enchant armour {unknown}
 f - a scroll of remove curse
 g - 2 scrolls of enchant weapon {unknown}
 h - a scroll of recharging {unknown}
 i - 3 scrolls of amnesia
 j - a scroll of fear {unknown}
 k - 2 scrolls of teleportation {unknown}
 l - a scroll of blinking {unknown}


   Skills:
 + Level 5.3 Fighting
 - Level 1.6 Short Blades
 - Level 4.5 Armour
 - Level 4.1 Shields
 * Level 5.9 Spellcasting


You had 18 spell levels left.
You didn't know any spells.

Dungeon Overview and Level Annotations

Branches:
Dungeon (5/15)             Temple (0/1) D:4

Altars:
Dithmenos
Makhleb
Sif Muna
Zin


Innate Abilities, Weirdness & Mutations

You do not eat or drink.
Your flesh is vulnerable to fire.
You are immune to poison.
Your flesh is cold resistant. (rC+)
You are immune to negative energy. (rN+++)
You are immune to unholy pain and torment.
You can survive without breathing.


Message History

Throwing (i - inventory):
s - a javelin (quivered)
Press: ? - help, Shift-Dir - straight line, f/p - ogre
Aim: an ogre, wielding a giant club (moderately wounded)
You throw a javelin. The javelin barely misses the ogre.
The ogre hits you with a giant club!
You puncture the ogre!
The ogre is heavily wounded.
The ogre hits you with a giant club!
Your shield and ring mail prevent you from hitting the ogre.
The ogre is heavily wounded.
You block the ogre's attack.
You barely miss the ogre.
The ogre is heavily wounded.
The ogre hits you with a giant club!
You hit the ogre.
The ogre is severely wounded.
Your shield prevents you from hitting the ogre.
The ogre is severely wounded.
The ogre hits you with a giant club!!
You die...

#.......'..................
#.......#..................
#.......#...###+####..##.##
##############. ###..##.#
........... #....#...
........ #....#.... .....
#....#. . #..#
######...#####
...##.@###..###...#....
......O.......#....'....
.......>......#....#....
....(.........#....#....
(.............#....#....
(.............#....#....
.(............'....#....
####################....
#####


You could see an ogre.

Vanquished Creatures
  The ghost of mechtar the Firebug, a novice DEFE (D:5)
  A phantom (D:5)
  A sky beast (D:5)
  An ogre (D:5)
  A centaur (D:5)
  A water moccasin zombie (D:5)
  A howler monkey (D:4)
  A bullfrog zombie (D:5)
  Crazy Yiuf (D:4)
  An orc priest (D:4)
  A bullfrog skeleton (D:4)
  3 worker ants (D:5)
  A hound zombie (D:5)
  5 adders
  2 oozes
  A worm (D:2)
  5 leopard geckos
  14 orcs
  A ball python (D:4)
  4 giant cockroaches
  3 goblins
  7 hobgoblins
  11 jackals
  A quokka (D:5)
  5 bats
  5 frilled lizards
  4 kobolds
  8 rats
91 creatures vanquished.

Notes
Turn   | Place    | Note
-------+----------+-------------------------------------------
     0 | D:1      | Kriby the Mummy Fighter began the quest for the Orb.
     0 | D:1      | Reached XP level 1. HP: 18/18 MP: 1/1
   357 | D:1      | Reached XP level 2. HP: 24/24 MP: 2/2
   991 | D:2      | Reached XP level 3. HP: 29/30 MP: 3/3
  1279 | D:2      | Found a deep blue altar of Sif Muna.
  1279 | D:2      | Found a shadowy altar of Dithmenos.
  1382 | D:2      | Became a worshipper of Sif Muna the Loreminder
  1576 | D:2      | Reached XP level 4. HP: 38/38 MP: 4/4
  2082 | D:3      | Found a glowing silver altar of Zin.
  2082 | D:3      | Found a burning altar of Makhleb.
  2083 | D:3      | Noticed a cacodemon
  2083 | D:3      | Noticed an angel
  2571 | D:4      | Reached skill level 1 in Spellcasting
  2832 | D:4      | Reached XP level 5. HP: 43/43 MP: 5/7
  3250 | D:4      | Found a staircase to the Ecumenical Temple.
  3700 | D:4      | Found a runed door.
  3704 | D:4      | Noticed Crazy Yiuf
  3711 | D:4      | Killed Crazy Yiuf
  3711 | D:4      | Reached XP level 6. HP: 49/49 MP: 9/9
  3807 | D:5      | Entered Level 5 of the Dungeon
  3920 | D:5      | Noticed a sky beast
  3946 | D:5      | Killed a sky beast
  4215 | D:5      | Noticed mechtar's ghost (novice DEFE)
  4233 | D:5      | Killed mechtar's ghost
  4233 | D:5      | Reached XP level 7. HP: 10/55 MP: 10/12
  4736 | D:5      | Reached skill level 5 in Fighting
  4736 | D:5      | Reached skill level 5 in Spellcasting
  4853 | D:5      | Reached * piety under Sif Muna
  4898 | D:5      | Reached XP level 8. HP: 61/62 MP: 16/16
  5035 | D:5      | Slain by an ogre

Vault maps used:
D:1:      sevenhm_arrival_forest_fort_small_6
D:2:      gammafunk_temple_overflow_elements
D:3:      grunt_temple_overflow_order_and_chaos_2
D:4:      uniq_crazy_yiuf_cottage
D:5:      first_bread

Skill      XL: |  1  2  3  4  5  6  7 |
---------------+----------------------+-----
Fighting       | 4 5 |  5.3
Shields        | 3 4 |  4.1
Spellcasting   | 1 2 3 5 |  5.9
Armour         | 3 4 |  4.5
Short Blades   | |  1.6

Action                   |  1- 3 |  4- 6 |  7- 9 || total
-------------------------+-------+-------+-------++-------
Melee: Rapier            |   169 |   191 |    52 ||   412
Throw: Javelin           |       |     3 |    23 ||    26
Evoke: Wand              |       |     4 |       ||     4
  Use: Scroll            |       |     5 |       ||     5
Armor: Scale mail        |   100 |     2 |       ||   102
       Leather armour    |       |    15 |       ||    15
       Ring mail         |       |    26 |    19 ||    45
Dodge: Dodged            |    67 |    51 |    14 ||   132
Block: Shield            |    82 |    79 |    23 ||   184
